 Dungeon Crawl Stone Soup version 0.27.1-35-g4d5d836560 (webtiles) character file.

Game seed: 15361907178189539575

43 nightchill the Skirmisher (level 3, 5/30 HPs)
             Began as a Formicid Abyssal Knight on Aug 4, 2022.
             Was a Believer of Lugonu.
             Quit the game on level 1 of the Dungeon.
             The game lasted 00:02:21 (1185 turns).

nightchill the Skirmisher (Formicid Abyssal Knight) Turns: 1185, Time: 00:02:21

Health: 5/30       AC: 12    Str: 17    XL:     3   Next: 82%
Magic:  5/5        EV:  5    Int: 11    God:    Lugonu [**....]
Gold:   26         SH:  0    Dex: 10    Spells: 2/2 levels left

rFire    . . .     SeeInvis +   a - +1 hand axe
rCold    . . .     Faith    .   (no shield)
rNeg     . . .     Spirit   .   f - +0 plate armour
rPois    .         Reflect  .   (helmet unavailable)
rElec    .         Harm     .   (no cloak)
rCorr    .         Rampage  .   (no gloves)
Will     .....                  d - +0 pair of boots
Stlth    ..........             (no amulet)
HPRegen  0.10/turn              (no ring)
MPRegen  0.09/turn              (no ring)

@: no status effects
A: permanent stasis, dig shafts and tunnels, antennae 3, four strong arms
a: Dig, Shaft Self, Renounce Religion, Depart the Abyss, Bend Space


You were on level 1 of the Dungeon.
You worshipped Lugonu.
Lugonu was pleased with you.
You visited 1 branch of the dungeon, and saw 2 of its levels.
You visited the Abyss 1 time.

You collected 26 gold pieces.

Inventory:

Hand Weapons
 a - a +1 hand axe (weapon)
Armour
 b - a +0 leather armour
 c - a +0 ring mail
 d - a +0 pair of boots (worn)
 f - a +0 plate armour (worn)
Scrolls
 g - a scroll of identify {unknown}
 h - a scroll of fear {unknown}
 j - a scroll of teleportation {unknown}
Potions
 e - a potion of mutation {unknown}
 i - a potion of haste {unknown}


   Skills:
 + Level 3.7 Fighting
 * Level 3.0 Axes
 - Level 2.1 Armour
 - Level 0.8 Dodging
 + Level 2.9 Invocations


You had 2 spell levels left.
You didn't know any spells.
Your spell library was empty.

Dungeon Overview and Level Annotations

Branches:
Dungeon (2/15)

Altars:


Innate Abilities, Weirdness & Mutations

You cannot be hasted, slowed, berserked, paralysed or teleported.
You can dig through walls and to a lower floor.
You have a pair of large antennae on your head. (SInv)
Your four strong arms can wield two-handed weapons with a shield.


Message History

There is a stone staircase leading up here.
A worm comes into view.
The worm bites you!
You hit the worm.
The worm is moderately wounded.
The worm bites you.
You are too injured to fight recklessly!
You are too injured to fight recklessly!
You are too injured to fight recklessly!
You hit the worm.
The worm is moderately wounded.
You hit the worm.
The worm is heavily wounded.
The worm bites you but does no damage.
You slash the worm!
The worm is severely wounded.
The worm bites you.
* * * LOW HITPOINT WARNING * * *
You hit the worm.
The worm is almost dead.
Your plate armour prevents you from hitting the worm.
The worm is almost dead.
The worm bites you!
* * * LOW HITPOINT WARNING * * *
Your plate armour prevents you from hitting the worm.
The worm is almost dead.
The worm barely misses you.
You barely miss the worm.
The worm is almost dead.
The worm bites you but does no damage.
You slash the worm!
You kill the worm!
Lugonu accepts your kill.
A hobgoblin comes into view.
The hobgoblin shouts!
There is a stone staircase leading up here.
You climb upwards.
There is a stone staircase leading down here.
Unknown command.
Are you sure you want to abandon this character and quit the game? (Confirm with "yes".)

###.# #.#..รท........##.........
#...# ##.#...........###########
#.### #........>.....# # #.#
#..#.#.........# # #.#
#..............# # #.#
#.#.##.........# # #.#
#.#.##.........# #
#.######.#.##....(....# ##
...........##...@.....# ####.
#.######...######.##### #####....
#............# #.# #..).....
#..#####...(.####.# #.###.#.#
#..#####.###......#######.# #.#.#
#........# #.#............# #....
#...####.###.#.############ #..#.
................######### ##...
....####................#######..


There were no monsters in sight!

Vanquished Creatures
  A gnoll (D:1)
  A worm (D:2)
  3 bats (D:1)
  3 endoplasms (D:1)
  A goblin (D:1)
  5 hobgoblins (D:1)
  4 quokkas (D:1)
  3 ball pythons (D:1)
  A frilled lizard (D:1)
  3 kobolds (D:1)
  6 rats (D:1)
31 creatures vanquished.

Notes
Turn   | Place    | Note
-------+----------+-------------------------------------------
     0 | Abyss:1  | nightchill the Formicid Abyssal Knight began the quest for
                  | the Orb.
     0 | Abyss:1  | Reached XP level 1. HP: 18/18 MP: 2/2
    14 | D:1      | Escaped the Abyss
    45 | D:1      | Reached XP level 2. HP: 10/24 MP: 3/3
   332 | D:1      | Found a faded altar of an unknown god.
   440 | D:1      | Reached XP level 3. HP: 23/29 MP: 4/4
   652 | D:1      | Reached ** piety under Lugonu
  1185 | D:1      | Quit the game

Illustrated notes

Levels and vault maps discovered:
D:1:      dpeg_arrival_orchard, layout_loops_ring, basic_ecumenical_altar
D:2:      layout_basic, serial_shops, nicolae_shop_stone

Skill      XL: |  1  2  3 |
---------------+----------+-----
Axes           | 3 |  3.0
Fighting       | |  3.7
Armour         | |  2.1
Dodging        | |  0.8
Invocations    | |  2.9

Action                   || total
-------------------------++-------
Melee: Hand axe          ||    91
Armor: Ring mail         ||    10
       Leather armour    ||     2
       Plate armour      ||    42
Dodge: Dodged            ||    40
